 Dungeon Crawl Stone Soup version 0.30-a0-956-gcec3b41aec (webtiles) character file.

Game seed: 12004181527057383219

107 lesbiats the Trooper (level 4, -1/49 HPs)
             Began as an Ogre Fighter on Mar 30, 2023.
             Slain by an adder (2 damage)
             ... on level 2 of the Dungeon.
             The game lasted 00:03:17 (1920 turns).

lesbiats the Trooper (Ogre Fighter)                 Turns: 1920, Time: 00:03:18

Health: -1/49      AC:  3    Str: 22    XL:     4   Next: 85%
Magic:  4/4        EV:  8    Int:  9    God:
Gold:   99         SH:  7    Dex:  8    Spells: 3/3 levels left

rFire   . . .      SeeInvis .    a - +0 flail
rCold   . . .      Faith    .    c - +0 kite shield
rNeg    . . .      Spirit   .    b - +0 robe
rPois   .          Reflect  .    (helmet restricted)
rElec   .          Rampage  .    (no cloak)
rCorr   .                        (gloves unavailable)
Will    .....                    (boots unavailable)
Stlth   +                        (no amulet)
HPRegen 0.28/turn                (no ring)
MPRegen 0.09/turn                (no ring)

@: lethally poisoned (-1 -> -3)
A: large, unfitting armour, tough skin 1
a: no special abilities


You were on level 2 of the Dungeon.
You visited 1 branch of the dungeon, and saw 2 of its levels.

You collected 99 gold pieces.

Inventory:

Hand Weapons
 a - a +0 flail (weapon)
Armour
 b - a +0 robe (worn)
 c - a +0 kite shield (worn)
Wands
 o - a wand of mindburst (7)
Scrolls
 i - 2 scrolls of identify {unknown}
 j - a scroll of enchant weapon {unknown}
 k - a scroll of amnesia {unknown}
 l - 2 scrolls of magic mapping {unknown}
 m - 2 scrolls of teleportation {unknown}
 n - a scroll of noise {unknown}
 p - a scroll of vulnerability {unknown}
Potions
 d - a potion of might
 e - a potion of heal wounds {unknown}
 f - a potion of lignification {unknown}
 g - a potion of brilliance {unknown}
 h - 2 potions of invisibility {unknown}


   Skills:
 + Level 4.9 Fighting
 * Level 3.3 Maces & Flails
 + Level 3.3 Dodging
 - Level 3.0 Shields


You had 3 spell levels left.
You didn't know any spells.
Your spell library was empty.

Dungeon Overview and Level Annotations

Branches:
Dungeon (2/15)

Altars:
Kikubaaqudgha

Shops:
D:1 (


Innate Abilities, Weirdness & Mutations

You are too large for most types of armour.
You have tough skin. (AC +1)


Message History

You feel sick. The adder bites you. x2
You barely miss the adder.
The adder is almost dead.
You feel sick. The adder bites you. x2
You are more poisoned.
The adder poisons you!
You closely miss the adder.
The adder is almost dead.
You feel very sick. The adder bites you but does no damage.
You block the adder's attack.
You closely miss the adder.
The adder is almost dead.
You feel sick. The adder bites you.
* * * LOW HITPOINT WARNING * * *
The adder bites you.
* * * LOW HITPOINT WARNING * * *
You miss the adder.
The adder is almost dead.
You feel sick. You block the adder's attack.
You miss the adder.
The adder is almost dead.
You feel sick. The adder closely misses you. You block the adder's attack.
You miss the adder.
The adder is almost dead.
You feel sick.
You are no longer poisoned.
The adder bites you but does no damage. The adder completely misses you.
You closely miss the adder.
The adder is almost dead.
The adder bites you.
* * * LOW HITPOINT WARNING * * *
You are poisoned.
The adder poisons you! You block the adder's attack.
You closely miss the adder.
The adder is almost dead.
* * * LOW HITPOINT WARNING * * *
You feel sick. The adder bites you.
* * * LOW HITPOINT WARNING * * *
The adder bites you.
You die...

###.# #.# ### #.# #####.###..
###.# #.......... .##.#
########.#....##.# ..#.####
#..............### .......#
####.######.##...## ....##.####
#.......# #.###..# .##.......#
#.##S##.# #......# ###.##.##.#
#...@.#.# #####.## #.##.##.#
#.###.#.# ##'## #.##.##.# #.#
#.#># ##...## #.#..##.# #.###.#.#
##.....## ##.#.###.# #.....#.#
##.......##
##....###.###.......###.........#
........รท.............'.........'
##....#########....####.........#
#.....# #....# ##.......##


You could see an adder.

Vanquished Creatures
  3 gnolls (D:2)
  2 adders (D:2)
  A worm (D:2)
  A dart slug (D:1)
  3 bats (D:1)
  3 endoplasms
  A giant cockroach (D:2)
  10 goblins
  3 hobgoblins
  7 jackals
  A quokka (D:1)
  5 ball pythons
  2 frilled lizards
  5 kobolds
  4 rats
51 creatures vanquished.

Notes
Turn   | Place    | Note
-------+----------+-------------------------------------------
     0 | D:1      | lesbiats the Ogre Fighter began the quest for the Orb.
     0 | D:1      | Reached XP level 1. HP: 24/24 MP: 1/1
   102 | D:1      | Found Wonusuc's Weapon Shoppe.
   132 | D:1      | Reached XP level 2. HP: 31/32 MP: 2/2
   302 | D:1      | Reached XP level 3. HP: 35/40 MP: 3/3
   783 | D:2      | HP: 2/40 [gnoll/+0 whip (5)]
   785 | D:2      | Reached XP level 4. HP: 3/49 MP: 4/4
  1721 | D:2      | Found an ancient bone altar of Kikubaaqudgha.
  1920 | D:2      | HP: 1/49 [adder (2)]
  1920 | D:2      | Slain by an adder

Illustrated notes

Levels and vault maps discovered:
D:1:      nzn_arrival_depleted_hourglass, layout_basic, serial_shops,
          shop_statue
D:2:      layout_loops_corners, basic_altar

Skill      XL: |  1  2  3 |
---------------+----------+-----
Maces & Flails | 2 3 |  3.3
Dodging        | 3 |  3.3
Fighting       | |  4.9
Shields        | |  3.0

Action                     |  1- 3 |  4- 6 || total
---------------------------+-------+-------++-------
  Melee: Flail             |    97 |   115 ||   212
 Armour: Robe              |    40 |    33 ||    73
  Dodge: Dodged            |    50 |    45 ||    95
  Block: Kite shield       |    62 |    57 ||   119

Table legend: (Time is in decaauts)
 A = Elapsed time spent in this place.
 B = Non-inter-level travel time spent in this place.
 C = Inter-level travel time spent in this place.
 D = Time resting spent in this place.
 E = Time spent auto-exploring this place.
 F = Levels seen in this place.
 G = Mean time per level.
                   A        B        C        D        E       F      G
               +--------+--------+--------+--------+--------+-----+--------+
         Total |   2003 |   1986 |     17 |    424 |   1064 |   2 | 1001.5 |
       Dungeon |   2003 |   1986 |     17 |    424 |   1064 |   2 | 1001.5 |
               +--------+--------+--------+--------+--------+-----+--------+

Top non-repeatable levels by time:
     D:2: 1274 daAuts
     D:1: 728 daAuts
